 Dungeon Crawl Stone Soup version 0.27.1-1-g398f81649c (webtiles) character file.

Game seed: 8621061568498448275

667 funkygono the Digger (level 7, 0/36 HPs)
             Began as a Gargoyle Earth Elementalist on Sept 11, 2021.
             Slain by Duvessa (10 damage)
             ... on level 4 of the Dungeon.
             The game lasted 00:10:39 (3491 turns).

funkygono the Digger (Gargoyle Earth Elementalist)  Turns: 3491, Time: 00:10:41

Health: 0/36       AC:  7    Str: 12    XL:     7   Next: 57%
Magic:  4/14       EV: 11    Int: 17    God:
Gold:   142        SH:  0    Dex: 10    Spells: 9/16 levels left

rFire    . . .     SeeInvis .   j - +0 mace
rCold    . . .     Faith    .   (no shield)
rNeg     + . .     Spirit   .   b - +1 robe
rPois    ∞         Reflect  .   (no helmet)
rElec    +         Harm     .   (no cloak)
rCorr    .         Rampage  .   (no gloves)
Will     .....                  (no boots)
Stlth    ++........             (no amulet)
HPRegen  0.12/turn              (no ring)
MPRegen  0.14/turn              (no ring)

@: no status effects
A: sickness immunity, AC +4, negative energy resistance 1, electricity
resistance, torment resistance 1, petrification resistance
a: no special abilities


You were on level 4 of the Dungeon.
You visited 1 branch of the dungeon, and saw 4 of its levels.

You collected 142 gold pieces.

Inventory:

Hand Weapons
 a - a +0 club
 g - a +0 whip
 j - a +0 mace (weapon)
 o - a +0 mace of holy wrath
Missiles
 c - 29 stones
Armour
 b - a +1 robe (worn)
 l - the +2 leather armour of the Living Grue {rF++}
   (You found it on level 4 of the Dungeon)

   rF:        It greatly protects you from fire.
Magical Staves
 h - a staff of cold
Scrolls
 f - a scroll of teleportation
 k - a scroll of fear
 n - 2 scrolls of enchant armour
 p - a scroll of identify
Potions
 d - 2 potions of curing
 e - a potion of ambrosia
 i - a potion of brilliance {unknown}
 m - a potion of berserk rage {unknown}
 q - a potion of degeneration {unknown}


   Skills:
 + Level 0.2 Maces & Flails
 + Level 1.5 Dodging
 - Level 2.1 Stealth
 * Level 5.1 Spellcasting
 * Level 2.5 Conjurations
 + Level 0.7 Transmutations
 * Level 0.3 Ice Magic
 * Level 7.4 Earth Magic


You had 9 spell levels left.
You knew the following spells:

 Your Spells              Type           Power      Damage    Failure   Level
a - Sandblast             Erth           58%        2d13      1%          1
b - Stone Arrow           Conj/Erth      42%        3d9       5%          3
c - Ozocubu's Armour      Ice            5%         N/A       36%         3

Your spell library contained the following spells:

 Spells                   Type           Power      Damage    Failure   Level
 Passwall                 Tmut/Erth      15%        N/A       4%          2
 Petrify                  Tmut/Erth      18%        N/A       26%         4
 Metabolic Englaciation   Hex/Ice        2%         N/A       98%         5
 Simulacrum               Ice/Necr       2%         N/A       100%        6
 Borgnjor's Revivificati  Necr           2%         N/A       100%        8
 Necromutation            Tmut/Necr      2%         N/A       100%        8
 Death's Door             Necr           2%         N/A       100%        9


Dungeon Overview and Level Annotations

Branches:
Dungeon (4/15)             Temple (0/1) D:4

Altars:
Xom

Annotations:
D:4 Dowan, Duvessa, Robin


Innate Abilities, Weirdness & Mutations

You are immune to sickness and miasma.
Your stone body is resilient. (AC +4)
You are immune to poison.
You resist negative energy. (rN+)
You are resistant to electric shocks. (rElec)
You are resistant to unholy torment.
You are immune to petrification.


Message History

Dowan points at Duvessa and mumbles some strange words.
Duvessa seems to speed up.
Duvessa hits you with a +0 short sword.
Casting: Sandblast (safe; 1% risk of failure)
Confirm with . or Enter, or press ? or * to list all spells.
Aiming: Sandblast (safe; 1% risk of failure)
Press: ? - help, Shift-Dir - straight line, f/p - Duvessa
Aim: Duvessa, wielding a +0 short sword and wearing a +0 chain mail (moderately wounded, fast, 88% to hit)
The blast of sand hits Duvessa but does no damage.
Duvessa is moderately wounded.
Duvessa hits you with a +0 short sword!
Casting: Sandblast (safe; 1% risk of failure)
Confirm with . or Enter, or press ? or * to list all spells.
Aiming: Sandblast (safe; 1% risk of failure)
Press: ? - help, Shift-Dir - straight line, f/p - Duvessa
Aim: Duvessa, wielding a +0 short sword and wearing a +0 chain mail (moderately wounded, fast, 88% to hit)
The blast of sand hits Duvessa but does no damage.
Duvessa is moderately wounded.
Duvessa barely misses you.
A goblin comes into view. It is wielding a +0 club.
Duvessa says, "When magic and the sword combine, nothing stands against them."
Duvessa hits you but does no damage.
Casting: Sandblast (safe; 1% risk of failure)
Confirm with . or Enter, or press ? or * to list all spells.
Aiming: Sandblast (safe; 1% risk of failure)
Press: ? - help, Shift-Dir - straight line, f/p - Duvessa
Aim: Duvessa, wielding a +0 short sword and wearing a +0 chain mail (moderately wounded, fast, 88% to hit)
The blast of sand misses Duvessa.
The blast of sand hits Dowan!
Dowan is moderately wounded.
Dowan gestures wildly while chanting.
Dowan blinks!
Duvessa hits you with a +0 short sword.
* * * LOW HITPOINT WARNING * * *
Casting: Sandblast (safe; 1% risk of failure)
Confirm with . or Enter, or press ? or * to list all spells.
Aiming: Sandblast (safe; 1% risk of failure)
Press: ? - help, Shift-Dir - straight line, f/p - Duvessa
Aim: Duvessa, wielding a +0 short sword and wearing a +0 chain mail (moderately wounded, fast, 88% to hit)
The blast of sand hits Duvessa.
Duvessa is heavily wounded.
Duvessa hits you with a +0 short sword!
You die...

#...#.##..#g..##..###.#
...#................ #
...# #..#g...#..##..#
...# #......#...>...#
#..# #..##.###.###.##
####..# #..###g#.##
#.)...# #..# ##e##
#.##.#####..# #e#
#.##........## #@#
#.########...###.# #
#.# #............#
#.#### ###
##≈.##.#.##..# ..:.
..###≈.≈#.###.#..# .)
..≈##≈≈#.## ##...# #
#≈≈≈#≈≈##.###.#.## #
#≈†≈#≈.###.#.##.# #
#≈.≈#≈.##...###.# #


You could see Duvessa (fast), Dowan and a goblin.

Vanquished Creatures
  Grinder (D:3)
  An ogre (D:3)
  2 phantoms (D:2)
  A bullfrog (D:4)
  7 adders
  A worm (D:3)
  5 orcs (D:3)
  6 bats
  11 endoplasms
  9 giant cockroaches
  15 goblins
  9 hobgoblins
  2 jackals (D:1)
  3 quokkas (D:4)
  7 ball pythons
  2 frilled lizards (D:1)
  5 kobolds
  5 rats
92 creatures vanquished.

Vanquished Creatures (others)
  A fungus (D:2)
  4 toadstools (D:1)
5 creatures vanquished.

Grand Total: 97 creatures vanquished

Notes
Turn   | Place    | Note
-------+----------+-------------------------------------------
     0 | D:1      | funkygono the Gargoyle Earth Elementalist began the quest
                  | for the Orb.
     0 | D:1      | Reached XP level 1. HP: 10/10 MP: 3/3
   123 | D:1      | Reached skill level 4 in Earth Magic
   192 | D:1      | Reached XP level 2. HP: 15/15 MP: 3/5
   559 | D:1      | Reached XP level 3. HP: 19/19 MP: 3/6
   630 | D:1      | Learned a level 3 spell: Stone Arrow
   990 | D:2      | Noticed a phantom
  1018 | D:2      | Killed a phantom
  1019 | D:2      | Reached skill level 1 in Conjurations
  1019 | D:2      | Reached skill level 5 in Earth Magic
  1019 | D:2      | Reached XP level 4. HP: 20/24 MP: 0/8
  1098 | D:2      | Reached XP level 5. HP: 28/28 MP: 5/9
  1244 | D:2      | Found a faded altar of an unknown god.
  1554 | D:2      | Noticed a phantom
  1564 | D:2      | Killed a phantom
  1565 | D:2      | Reached skill level 6 in Earth Magic
  1693 | D:2      | Reached XP level 6. HP: 32/32 MP: 8/11
  1987 | D:3      | Noticed Grinder
  1998 | D:3      | Killed Grinder
  1999 | D:3      | Reached XP level 7. HP: 22/36 MP: 4/13
  2075 | D:3      | Reached skill level 7 in Earth Magic
  2136 | D:3      | Learned a level 3 spell: Ozocubu's Armour
  2529 | D:3      | Found a shimmering altar of Xom.
  2805 | D:4      | Identified the +2 leather armour of the Living Grue {rF++}
  2870 | D:4      | Reached skill level 5 in Spellcasting
  2915 | D:4      | Found a glowing drain.
  2981 | D:4      | Found a staircase to the Ecumenical Temple.
  3351 | D:4      | Noticed Robin
  3436 | D:4      | Noticed Duvessa
  3484 | D:4      | Noticed Dowan
  3491 | D:4      | Slain by Duvessa

Illustrated notes

Levels and vault maps discovered:
D:1:      ldierk_water_garden, layout_loops_ring
D:2:      layout_basic, dreamdust_ecumenical_altar_grove
D:3:      layout_basic, old_standard_altar, uniq_grinder
D:4:      layout_loops_ring, minmay_temple_entry_tees, gup_sewer_entry_pipe,
          uniq_duvessa, uniq_blork_the_orc, uniq_robin

Skill      XL: |  1  2  3  4  5  6  7 |
---------------+----------------------+-----
Earth Magic    | 4 5 6 7 |  7.4
Spellcasting   | 3 4 5 |  5.1
Conjurations   | 1 2 |  2.5
Maces & Flails | |  0.2
Dodging        | |  1.5
Stealth        | |  2.1
Transmutations | |  0.7
Ice Magic      | |  0.3

Action                   |  1- 3 |  4- 6 |  7- 9 || total
-------------------------+-------+-------+-------++-------
Melee: Club              |       |     7 |       ||     7
       Mace              |       |       |     1 ||     1
 Cast: Sandblast         |    41 |    54 |    66 ||   161
  Use: Scroll            |       |       |     6 ||     6
Armor: Robe              |     1 |     8 |     3 ||    12
Dodge: Dodged            |     3 |    10 |     6 ||    19
